Map: New Gettysburg LE

Players

MarineLorD - Winner!

  • Race: Terran Terran
  • League: Master

LiquidSnute (Snute)

  • Race: Zerg Zerg

Event: DreamHack ZOWIE Open Valencia 2016

VOD

Have the link to the VOD?

Description

Time

  • Played on: July 16, 2016, 11:12 a.m.
  • Length: 12:59

All games in this series

Show
View Real Time Build Order
Export as new Build Order

MarineLorD Terran - Winner!

Build Orders: Command Center First (CC), Bio Tank 

Get SALT Encoding   

  12  0:00  SCV  
  13  0:12  SCV  
  14  0:18  Supply Depot  
  14  0:25  SCV  
  15  0:40  SCV  
  16  0:52  SCV  
  17  1:02  Command Center  
  17  1:05  SCV  
  18  1:15  Barracks  
  18  1:18  SCV  
  19  1:30  SCV  
  20  1:42  SCV  
  21  1:50  Command Center  
  21  1:55  SCV  
  22  2:02  Marine  
  22  2:07  Orbital Command  
  23  2:16  Orbital Command  
  23  2:20  Marine  
  24  2:28  Refinery  
  24  2:30  Refinery  
  24  2:33  SCV  
  25  2:38  Marine  
  25  2:42  SCV  
  27  2:44  Bunker  
  27  2:45  SCV  
  28  2:54  SCV  
  28  2:55  Marine  
  28  2:57  SCV  
  31  3:03  Orbital Command  
  31  3:06  SCV  
  31  3:09  SCV  
  33  3:20  Factory  
  33  3:21  SCV, Barracks Reactor  
  33  3:22  SCV  
  33  3:23  Engineering Bay  
  35  3:29  Supply Depot, SCV  
  35  3:33  SCV  
  35  3:34  SCV  
  38  3:40  Engineering Bay  
  37  3:41  Engineering Bay  
  37  3:44  SCV  
  37  3:46  SCV  
  39  3:55  SCV  
  40  3:56  SCV  
  40  3:58  SCV  
  42  4:03  Barracks  
  42  4:04  Barracks  
  42  4:05  Barracks Tech Lab  
  42  4:07  SCV  
  42  4:08  Terran Infantry Weapons Level 1  
  42  4:09  Terran Infantry Armor Level 1  
  43  4:10  SCV  
  43  4:14  Hellion x2  
  43  4:15  SCV  
  49  4:19  Supply Depot, SCV  
  49  4:22  SCV  
  49  4:23  Marine  
  52  4:27  Stimpack  
  52  4:29  Refinery  
  52  4:31  Refinery  
  52  4:34  SCV  
  53  4:42  SCV  
  53  4:43  Starport  
  54  4:45  Supply Depot  
  54  4:46  SCV, Marauder  
  57  4:53  SCV  
  57  4:56  SCV  
  57  4:57  Factory Tech Lab  
  57  4:58  Supply Depot, SCV, Barracks Reactor  
  60  5:00  Barracks Reactor  
  60  5:10  SCV  
  60  5:12  Barracks  
  60  5:13  Barracks  
  61  5:15  SCV, Armory  
  61  5:17  Orbital Command  
  62  5:23  SCV  
  62  5:24  Marine  
  62  5:27  Medivac, Viking  
  69  5:28  SCV  
  69  5:31  Refinery  
  69  5:35  SCV, Refinery  
  70  5:40  SCV  
  70  5:42  Marine  
  71  5:44  SCV  
  71  5:46  Marine x3  
  71  5:47  Marine, SCV  
  78  5:50  Siege Tank  
  78  5:52  SCV  
  82  5:57  Supply Depot x2, SCV  
  82  5:59  SCV  
  82  6:00  Marine  
  82  6:01  Barracks Tech Lab x2  
  85  6:12  Terran Infantry Weapons Level 2, Terran Infantry Armor Level 2  
  85  6:18  Marine x2  
  85  6:19  SCV x2  
  85  6:22  SCV  
  85  6:23  Supply Depot  
  85  6:24  Supply Depot  
  90  6:26  Marine x2  
  90  6:30  Marauder  
  90  6:31  SCV, Marauder  
  97  6:34  Siege Tank  
  97  6:35  SCV  
  97  6:37  Terran Vehicle Weapons Level 1  
  101  6:45  SCV, Medivac  
  104  6:47  Medivac  
  104  6:48  Supply Depot, Combat Shields  
  104  6:50  Supply Depot, SCV  
  104  6:51  SCV  
  108  6:57  Marauder x2  
  108  7:00  Marauder  
  115  7:02  Marine x2  
  115  7:05  SCV  
  117  7:08  Bunker  
  117  7:09  Marine x2  
  117  7:10  Supply Depot  
  117  7:11  Supply Depot, Siege Tank  
  117  7:13  Supply Depot  
  117  7:15  Medivac  
  124  7:17  Medivac  
  124  7:20  Marine x2  
  124  7:22  Supply Depot, Marauder  
  130  7:24  Marauder  
  130  7:25  Supply Depot  
  132  7:32  Marine x3  
  132  7:35  Factory x2  
  134  7:38  Marine x2  
  134  7:43  Marauder  
  138  7:45  Marauder, Medivac  
  138  7:47  Medivac  
  138  7:50  Marine x3  
  147  7:51  Supply Depot  
  147  7:54  Supply Depot  
  147  7:56  Marine x2  
  149  8:05  Marauder  
  151  8:07  Marauder, Siege Tank  
  151  8:09  Marine x2, Marauder  
  160  8:14  Marine  
  160  8:15  Medivac  
  160  8:16  Supply Depot  
  160  8:17  Medivac  
  160  8:18  Supply Depot  
  160  8:19  Marine  
  166  8:26  Marauder  
  168  8:27  Marine x2  
  168  8:28  Marine  
  168  8:29  Marine  
  168  8:31  Marine  
  161  8:37  Marine  
  161  8:39  Siege Tank  
  159  8:45  Marine x2, Medivac  
  159  8:46  Marauder  
  159  8:47  Marine, Marauder, Medivac  
  161  8:49  Marine  
  162  8:58  Marine  
  161  9:02  Marine x2  
  161  9:06  Marauder  
  161  9:07  Marine x2  
  161  9:09  Marauder  
  162  9:11  Siege Tank  
  162  9:15  Command Center  
  162  9:16  Marine  
  168  9:18  Terran Infantry Weapons Level 3  
  168  9:19  Terran Vehicle Weapons Level 2  
  168  9:20  Factory Tech Lab, Marine x2  
  167  9:24  Factory Tech Lab  
  167  9:25  Marine, Marauder  
  167  9:26  Marine  
  167  9:29  Marine  
  158  9:33  Marine  
  158  9:38  Marine x2  
  138  9:40  Concussive Shells  
  138  9:41  Siege Tank  
  138  9:43  Marine, Medivac, Siege Tank  
  138  9:45  Marauder  
  151  9:46  Marauder  
  151  9:47  Marine  
  151  9:51  Marine  
  148  9:56  Marine x2  
  134  10:00  Marine  
  134  10:06  Marauder x2  
  129  10:07  Marine  
  129  10:09  Marine  
  129  10:10  Siege Tank  
  129  10:14  Marine x2  
  126  10:18  Marine  
  122  10:24  Siege Tank  
  122  10:26  Marauder  
  122  10:27  Marine x3  
  130  10:31  Marine  
  130  10:32  Marine, Medivac x2  
  130  10:33  Siege Tank  
  139  10:36  Marine  
  140  10:45  Marine, Marauder x2  
  140  10:47  Marauder  
  140  10:49  Marine x2, Siege Tank  
  135  10:54  Marine  
  135  10:56  Siege Tank  
  135  11:02  Marine  
  136  11:05  Barracks  
  136  11:06  Marauder, Barracks  
  136  11:07  Marine x2  
  136  11:10  Medivac  
  144  11:12  Medivac  
  144  11:16  Refinery  
  144  11:17  Refinery  
  144  11:19  Planetary Fortress  
  144  11:20  Marine x3  
  144  11:21  Marine  
  144  11:25  Marine  
  149  11:30  Siege Tank  
  149  11:32  Marine, Marauder  
  155  11:38  Marine x2  
  155  11:39  Marine, Marauder  
  160  11:43  Marine, Missile Turret  
  161  11:47  Siege Tank  
  161  11:49  Marine, Siege Tank  
  161  11:53  Marauder  
  168  11:56  Marine x2  
  168  11:57  Marine  
  168  11:58  Marauder  
  168  12:00  Marauder  
  168  12:03  Medivac  
  168  12:05  Marine  
  168  12:13  Marine x2  
  168  12:15  Marauder  
  163  12:18  Siege Tank  
  163  12:19  Marauder  
  163  12:21  Marine, Marauder  
  163  12:22  Marine x2  
  173  12:23  Marine  
  176  12:31  Marine x2  
  176  12:36  Marauder  
  168  12:39  Marine  
  168  12:40  Marine x3  
Show
View Real Time Build Order
Export as new Build Order

LiquidSnute Zerg 

Build Orders: Hatch First 

Get SALT Encoding   

  12  0:01  Drone  
  13  0:12  Overlord  
  13  0:17  Drone  
  14  0:31  Drone x2  
  14  0:35  Drone  
  17  0:52  Hatchery  
  17  0:55  Drone  
  17  0:58  Drone  
  18  1:04  Extractor  
  17  1:14  Spawning Pool  
  17  1:18  Drone  
  17  1:20  Drone  
  18  1:28  Drone  
  19  1:38  Overlord  
  19  1:49  Drone  
  20  2:01  Queen  
  20  2:02  Zergling x2  
  20  2:04  Metabolic Boost  
  20  2:05  Queen  
  25  2:11  Zergling x2  
  25  2:14  Overlord  
  27  2:22  Drone  
  27  2:32  Drone  
  27  2:34  Drone  
  27  2:37  Drone, Queen  
  29  2:41  Drone  
  33  2:47  Overlord  
  33  2:53  Drone  
  33  2:54  Drone  
  35  2:58  Pneumatized Carapace  
  35  3:01  Drone  
  35  3:04  Drone  
  37  3:09  Drone  
  37  3:11  Drone x2  
  40  3:14  Drone x2  
  42  3:23  Drone x4  
  46  3:28  Drone  
  47  3:35  Overlord  
  47  3:44  Drone x2  
  47  3:45  Hatchery  
  47  3:46  Drone x2  
  50  3:53  Overlord  
  50  3:55  Drone x3  
  53  3:56  Drone  
  54  4:04  Overlord  
  54  4:05  Queen  
  54  4:09  Queen  
  58  4:12  Zergling x4  
  60  4:23  Evolution Chamber  
  59  4:24  Drone x2  
  59  4:25  Evolution Chamber  
  59  4:28  Drone  
  59  4:30  Drone  
  62  4:31  Drone x2  
  62  4:32  Drone x3  
  62  4:33  Drone  
  68  4:42  Overlord  
  68  4:44  Drone  
  69  4:49  Zerg Ground Armor Level 1  
  69  4:51  Drone  
  69  4:54  Drone  
  69  4:58  Drone  
  69  4:59  Zerg Missile Weapons Level 1  
  71  5:01  Drone x3  
  71  5:02  Extractor  
  71  5:04  Extractor x2  
  71  5:06  Drone x4  
  75  5:08  Drone  
  75  5:09  Drone  
  75  5:13  Overlord  
  77  5:17  Extractor  
  77  5:18  Drone, Extractor  
  77  5:19  Drone  
  77  5:21  Roach Warren  
  76  5:27  Zergling x2  
  77  5:31  Lair  
  77  5:33  Drone x6  
  77  5:34  Drone x4  
  87  5:36  Drone  
  88  5:45  Drone x2  
  90  5:50  Hatchery  
  90  5:51  Spore Crawler  
  90  5:53  Spore Crawler, Overlord x2  
  87  5:58  Overlord  
  87  6:00  Overlord x2  
  87  6:04  Roach x3  
  87  6:05  Roach  
  87  6:07  Roach  
  87  6:09  Overlord x2  
  97  6:15  Queen x2  
  97  6:17  Roach x2  
  105  6:19  Roach  
  105  6:24  Roach x3  
  113  6:28  Ravager  
  113  6:29  Ravager x3  
  113  6:30  Glial Reconstitution  
  117  6:37  Infestation Pit  
  117  6:39  Roach x5  
  128  6:40  Roach  
  128  6:50  Queen  
  128  6:51  Queen  
  128  6:52  Queen  
  134  6:56  Zerg Ground Armor Level 2, Zerg Missile Weapons Level 2  
  134  7:03  Drone x9  
  143  7:08  Overlord  
  143  7:10  Overlord  
  143  7:11  Overlord x2  
  143  7:14  Overlord  
  143  7:16  Extractor  
  143  7:17  Extractor  
  141  7:23  Spore Crawler  
  141  7:26  Spore Crawler, Overlord x2  
  141  7:29  Roach x4  
  147  7:34  Infestor  
  147  7:35  Infestor x2  
  150  7:43  Spore Crawler  
  149  7:48  Roach x4  
  149  7:49  Roach x4  
  164  8:00  Roach x4  
  164  8:02  Overlord x2  
  172  8:07  Roach x5  
  172  8:10  Ravager, Overlord  
  183  8:16  Hive  
  183  8:19  Spire  
  182  8:22  Ravager x3  
  159  8:38  Roach x2  
  159  8:39  Roach x10  
  161  8:47  Roach  
  161  8:48  Roach x5  
  158  8:50  Ravager x2  
  160  8:57  Roach x4  
  159  9:05  Roach x5  
  152  9:10  Roach x3  
  152  9:13  Ravager x2  
  160  9:17  Roach  
  160  9:18  Roach x3  
  165  9:24  Roach  
  165  9:25  Roach x3  
  148  9:33  Roach  
  148  9:34  Roach x5  
  146  9:40  Roach x2  
  146  9:44  Ravager x3  
  146  9:45  Ravager  
  151  9:49  Roach  
  151  9:50  Roach x3  
  148  9:59  Roach x7  
  124  10:09  Roach x4  
  119  10:17  Queen x2  
  119  10:18  Roach  
  119  10:19  Roach  
  121  10:23  Ravager x4  
  121  10:24  Ravager  
  121  10:27  Roach x3  
  131  10:32  Ravager  
  131  10:33  Ravager  
  133  10:37  Roach  
  133  10:38  Roach x3  
  143  10:43  Roach x4  
  141  10:50  Roach x3  
  147  11:09  Hatchery  
  146  11:12  Roach x2  
  146  11:15  Queen  
  152  11:19  Queen  
  152  11:22  Pathogen Glands  
  154  11:48  Infestor x3  
  154  11:50  Ravager x2  
  160  11:54  Roach x5, Hatchery  
  160  11:59  Roach  
  160  12:00  Roach x5  
  174  12:03  Roach x4  
  134  12:17  Roach x12  
  146  12:24  Ravager x2  
  146  12:26  Roach  
  146  12:29  Roach  
  150  12:30  Roach x2  
  125  12:39  Roach x5  

Tags
 
Add a new tag
Caveats
  • Supply blocks, unpowered buildings, or Contaminate may cause inaccurate times.
  • Supply counts are checked every 10 seconds.